 Dungeon Crawl Stone Soup version 0.19-a0-1007-g133f65f (webtiles) character file.

100 mistymad the Insei (level 4, 0/28 HPs)
             Began as an Octopode Transmuter on July 19, 2016.
             Killed from afar by Natasha (10 damage)
             ... with a magic dart
             ... on level 2 of the Dungeon.
             The game lasted 00:11:50 (2644 turns).

mistymad the Insei (Octopode Transmuter)            Turns: 2644, Time: 00:11:50

Health: 0/28       AC:  1    Str:  9    XL:     4   Next: 74%
Magic:  2/7        EV: 12    Int: 16    God:
Gold:   77         SH:  0    Dex: 12    Spells: 3 memorised, 1 level left

rFire  + . .     SeeInvis .       - Unarmed
rCold  x . .     Gourm    .     (no shield)
rNeg   . . .     Faith    .     (helmet restricted)
rPois  .         Spirit   .     o - amulet of rage
rElec  .         Dismiss  .     d - ring of fire
rCorr  .         Reflect  .     (no ring)
SustAt .         Harm     .     (no ring)
MR     .....                    (no ring)
Stlth  ++........               (no ring)
                                (no ring)
                                (no ring)
                                (no ring)

@: lethally poisoned (0 -> -8), very slightly contaminated, not resistant to
hostile enchantments, unstealthy
A: almost no armour, amphibious, 8 rings, constrict 8, camouflage 1, gelatinous
body 1
a: Evoke Berserk Rage


You were on level 2 of the Dungeon.
You were not hungry.

You visited 1 branch of the dungeon, and saw 2 of its levels.

You collected 77 gold pieces.

Inventory:

Missiles
 a - 37 arrows
Jewellery
 d - a ring of fire (left tentacle)
 o - an amulet of rage (around mantle)
Scrolls
 h - 2 scrolls of identify
 m - a scroll of recharging {unknown}
 n - a scroll of enchant weapon {unknown}
Potions
 e - 4 potions of cure mutation
 i - 2 potions of flight
 j - 2 potions of curing
Books
 b - a book of Changes

   Spells                             Type                      Level
   a - Beastly Appendage              Transmutation                1
   b - Sticks to Snakes               Transmutation                2
   c - Spider Form                    Transmutation/Poison         3
   d - Ice Form                       Ice/Transmutation            4
   e - Blade Hands                    Transmutation                5
Comestibles
 c - 2 bread rations
 f - a slice of pizza
 k - a beef jerky


   Skills:
 - Level 1.0 Fighting
 - Level 2.0 Dodging
 + Level 4.2 Unarmed Combat
 - Level 2.0 Spellcasting
 + Level 3.7 Transmutations


You had one spell level left.
You knew the following spells:

 Your Spells              Type           Power        Failure   Level  Hunger
a - Beastly Appendage     Tmut           ##....       6%          1    #......
b - Sticks to Snakes      Tmut           ##......     10%         2    ###....
c - Spider Form           Tmut/Pois      #.........   34%         3    ###....


Dungeon Overview and Level Annotations

Branches:
Dungeon (2/15)

Altars:

Annotations:
D:2 Natasha


Innate Abilities, Weirdness & Mutations

You cannot wear most types of armour.
You are amphibious.
You can wear up to eight rings at the same time.
You can use your tentacles to constrict eight enemies at once.
Your skin changes colour to match your surroundings (Stealth+).
Your rubbery body absorbs attacks. (AC +1)


Message History

Confirm with . or Enter, or press ? or * to list all spells.
You don't have enough magic to cast that spell.
You barely miss Natasha. Your grab misses Natasha.
You feel sick.
Your ball python bites Natasha but does no damage.
Your ball python closely misses Natasha.
Natasha claws you!
You take 8 damage, and have 11/28 hp.
MASSIVE DAMAGE!!
You tentacle-slap Natasha. You grab Natasha.
You tentacle-slap Natasha, but do no damage.
Natasha is moderately wounded.
You constrict Natasha.
You feel sick.
Your ball python bites Natasha but does no damage.
Natasha completely misses you.
You take 1 damage, and have 10/28 hp.
You barely miss Natasha.
Natasha is heavily wounded.
You constrict Natasha.
Your ball python barely misses Natasha.
Natasha stares at you and mumbles some strange words.
The magic dart hits you!
You die...

**,* *,* #...##..##.## *,**
*,* #...##..##.# # *,,* *,*
#..........### *****,**##,*
#.....[....... *,,,,,,,.).**
#.....#.#####.
*,,,,****.(.#######.....#..#
##. *,,,,*
**#.....#.......###.# #..
**,,,,***,,.###.......))# #.#
#.# ,,,,,,,**,#..##h@.#....##
#.###.#
***,,,,,,,.#w##S###....##
#.#...# * *,,,,8,,,5.#..#
##....# #...### *
*,,,8,8,,....#####....###..##
* **,8,_,8,#.................#
*
*,,8,8,,#.#####....<......####
* *,,,8,,,#.#
#...#.#.###.#..... *
*,,,,,,,#)# #.###.#.##..#.####
* **,******#)###.#
#.#.....#.....


You could see Natasha and a friendly ball python.

Vanquished Creatures
  Natasha (D:2)
  3 gnolls (D:2)
  An adder (D:2)
  2 dart slugs (D:1)
  5 bats
  2 giant cockroaches (D:1)
  4 goblins
  5 hobgoblins
  2 jackals (D:1)
  3 giant newts (D:2)
  4 kobolds
  14 rats
46 creatures vanquished.

Notes
Turn   | Place    | Note
-------+----------+-------------------------------------------
     0 | D:1      | mistymad the Octopode Transmuter began the quest for the Orb.
     0 | D:1      | Reached XP level 1. HP: 13/13 MP: 3/3
   360 | D:1      | Reached XP level 2. HP: 18/18 MP: 5/5
   931 | D:1      | Reached XP level 3. HP: 14/23 MP: 6/6
  1379 | D:2      | Noticed Natasha
  1473 | D:2      | Learned a level 2 spell: Sticks to Snakes
  1477 | D:2      | Learned a level 3 spell: Spider Form
  1634 | D:1      | Reached XP level 4. HP: 14/28 MP: 5/7
  1924 | D:2      | Reached skill level 4 in Unarmed Combat
  2356 | D:2      | Killed Natasha
  2636 | D:2      | Noticed Natasha
  2644 | D:2      | Killed from afar by Natasha

Vault maps used:
D:1:      dpeg_arrival_rooms_c
D:2:      first_bread, ecumenical_altar_2, uniq_natasha

Skill      XL: |  1  2  3  4 |
---------------+-------------+-----
Transmutations | 3 |  3.7
Unarmed Combat | 4 |  4.2
Fighting       | |  1.0
Dodging        | |  2.0
Spellcasting   | |  2.0

Action                   |  1- 3 |  4- 6 || total
-------------------------+-------+-------++-------
Melee: Unarmed           |    74 |    29 ||   103
       Constrict         |    16 |     2 ||    18
       Tentacles         |     8 |     2 ||    10
       Punch             |     1 |     1 ||     2
 Cast: Beastly Appendage |     7 |       ||     7
       Spider Form       |     1 |     3 ||     4
       Sticks to Snakes  |       |     2 ||     2
  Use: Scroll            |       |     6 ||     6
 Stab: Sleeping          |    11 |       ||    11
  Eat: Chunk             |     2 |     4 ||     6
Armor: Skin              |     6 |     1 ||     7
Dodge: Dodged            |    37 |    17 ||    54
